 Dungeon Crawl Stone Soup version 0.30-a0-311-gf115ab0292 (webtiles) character file.

Game seed: 867820105411091774

46 NinjaNoafa the Cutter (level 3, -3/29 HPs)
             Began as a Merfolk Monk on Oct 25, 2022.
             Slain by a gnoll
             ... wielding a +2 spear of venom
              (7 damage)
             ... on level 2 of the Dungeon.
             The game lasted 00:02:31 (1290 turns).

NinjaNoafa the Cutter (Merfolk Monk)                Turns: 1290, Time: 00:02:32

Health: -3/29      AC:  3    Str: 11    XL:     3   Next: 66%
Magic:  3/3        EV: 13    Int: 11    God:
Gold:   93         SH:  0    Dex: 16    Spells: 2/2 levels left

rFire   . . .      SeeInvis .    a - +0 short sword
rCold   + . .      Faith    .    (no shield)
rNeg    + . .      Spirit   .    b - +0 robe
rPois   .          Reflect  .    k - +0 helmet
rElec   .          Harm     .    (no cloak)
rCorr   .          Rampage  .    (no gloves)
Will    .....                    (no boots)
Stlth   +.........               (no amulet)
HPRegen 0.24/turn                g - ring of positive energy
MPRegen 0.08/turn                l - ring of protection from cold

@: confused, lethally poisoned (-3 -> -18), ambrosia-drunk
A: (nimble swimmer 2), mertail
a: no special abilities


You were on level 2 of the Dungeon.
You visited 1 branch of the dungeon, and saw 2 of its levels.

You collected 93 gold pieces.

Inventory:

Hand Weapons
 a - a +0 short sword (weapon)
Missiles
 j - 25 stones (quivered)
Armour
 b - a +0 robe (worn)
 k - a +0 helmet (worn)
Jewellery
 g - a ring of positive energy (left hand)
 l - a ring of protection from cold (right hand)
Scrolls
 f - a scroll of identify {unknown}
 i - a scroll of immolation {unknown}
 m - a scroll of teleportation {unknown}
Potions
 d - a potion of might {unknown}
 e - a potion of mutation {unknown}
 h - a potion of lignification {unknown}


   Skills:
 - Level 3.2 Fighting
 - Level 5.0 Short Blades
 - Level 4.0 Dodging
 + Level 3.1 Stealth


You had 2 spell levels left.
You didn't know any spells.
Your spell library contained the following spells:

 Spells                   Type           Power      Damage    Failure   Level
 Inner Flame              Hex/Fire       0%         N/A       71%         3
 Flame Wave               Conj/Fire      0%         2d4       98%         4
 Sticky Flame             Conj/Fire      0%         2d3       98%         4


Dungeon Overview and Level Annotations

Branches:
Dungeon (2/15)

Altars:


Innate Abilities, Weirdness & Mutations

((You are very nimble when in or above water. (Stealth+, EV+, Speed+++)))
Your lower body shifts to a powerful aquatic tail in water.


Message History

The gnoll shouts!
You see here a scroll labelled SISODU QUTUMYWN.
m - a scroll labelled SISODU QUTUMYWN The gnoll shouts!
The gnoll closely misses you.
You barely miss the gnoll. You hit the gnoll.
The gnoll is lightly wounded.
The gnoll hits you with a +0 club.
You hit the gnoll.
The gnoll is heavily wounded.
The gnoll barely misses you. The gnoll closely misses you.
You hit the gnoll but do no damage.
The gnoll is heavily wounded.
The gnoll misses you.
The gnoll hits you from afar with a +0 spear.
You hit the gnoll.
The gnoll is severely wounded.
You hit the gnoll but do no damage.
The gnoll is severely wounded.
The gnoll hits you with a +0 club. The gnoll barely misses you.
You hit the gnoll.
You kill the gnoll!
The gnoll hits you from afar with a +0 spear.
Your Stealth skill increases to level 3!
You are confused.
You feel invigorated.
The gnoll hits you from afar with a +0 spear.
The gnoll hits you from afar with a +2 spear of venom.
* * * LOW HITPOINT WARNING * * *
You are lethally poisoned!
You feel very sick. The gnoll misses you.
The gnoll hits you with a +2 spear of venom.
You are lethally poisoned!
You feel very sick.
The gnoll hits you from afar with a +0 spear.
* * * LOW HITPOINT WARNING * * *
The gnoll hits you from afar with a +2 spear of venom!
You die...

### #..# #######.## .....†..#
##......# ########## #..##..#
#........# #......# #........#
# #......# #...)....# .#
#.#.##.# #........# .# #
#.#....# #..@.g...##.##.#.
##.....#######....g...#.......
..............................
###.##.########.######........
..........#####.#####........#
###.##.#..##.............#...#
....##.#..##.###..g.#....# ..#
.#####.. .... #.........#...#
.### #....... ##.............#


You could see 2 gnolls.

Vanquished Creatures
  A gnoll (D:2)
  3 dart slugs
  A ball python (D:1)
  6 endoplasms
  A hobgoblin (D:1)
  8 kobolds
  A quokka (D:1)
  4 bats
  3 frilled lizards
  2 rats
30 creatures vanquished.

Vanquished Creatures (others)
  6 plants (D:2)
6 creatures vanquished.

Grand Total: 36 creatures vanquished

Notes
Turn   | Place    | Note
-------+----------+-------------------------------------------
     0 | D:1      | NinjaNoafa the Merfolk Monk began the quest for the Orb.
     0 | D:1      | Reached XP level 1. HP: 18/18 MP: 1/1
    86 | D:1      | Reached skill level 4 in Short Blades
   173 | D:1      | Reached XP level 2. HP: 15/24 MP: 2/2
   299 | D:1      | Found a faded altar of an unknown god.
  1049 | D:2      | Reached skill level 5 in Short Blades
  1049 | D:2      | Reached XP level 3. HP: 21/29 MP: 3/3
  1290 | D:2      | Slain by a gnoll

Illustrated notes

Levels and vault maps discovered:
D:1:      sevenhm_arrival_forest_fort_large_2, layout_rooms,
          dreamdust_ecumenical_altar_angels_and_demons
D:2:      layout_basic, chequers_serial_rivers_room_b, kennysheep_flooded_box,
          kennysheep_another_room, lexackson_kobold_supper, uniq_jessica

Skill      XL: |  1  2  3 |
---------------+----------+-----
Short Blades   | 4 5 |  5.0
Stealth        | 3 |  3.1
Fighting       | |  3.2
Dodging        | |  4.0

Action                   || total
-------------------------++-------
Melee: Short sword       ||   118
  Use: Potion            ||     1
 Stab: Sleeping          ||     3
Armor: Robe              ||    16
Dodge: Dodged            ||    63

Table legend: (Time is in decaauts)
 A = Elapsed time spent in this place.
 B = Non-inter-level travel time spent in this place.
 C = Inter-level travel time spent in this place.
 D = Time resting spent in this place.
 E = Time spent auto-exploring this place.
 F = Levels seen in this place.
 G = Mean time per level.
                   A        B        C        D        E       F      G
               +--------+--------+--------+--------+--------+-----+--------+
         Total |   1260 |   1219 |     41 |      0 |    926 |   2 |  630.0 |
       Dungeon |   1260 |   1219 |     41 |      0 |    926 |   2 |  630.0 |
               +--------+--------+--------+--------+--------+-----+--------+

Top non-repeatable levels by time:
     D:1: 813 daAuts
     D:2: 446 daAuts
